 Dungeon Crawl Stone Soup version 0.31-a0-705-ga145531891 (webtiles) character file.

Game seed: 4104976532988006273

681 pokeman the Thaumaturge (level 7, -11/40 HPs)
             Began as a Deep Elf Hedge Wizard on Sept 9, 2023.
             Mangled by a yak (15 damage)
             ... on level 5 of the Dungeon.
             The game lasted 00:08:09 (4904 turns).

pokeman the Thaumaturge (Deep Elf Hedge Wizard)     Turns: 4904, Time: 00:08:10

Health: -11/40     AC:  3    Str: 13    XL:     7   Next: 34%
Magic:  13/20      EV: 13    Int: 21    God:
Gold:   244        SH:  0    Dex: 14    Spells: 14/22 levels left

rFire   . . .        r - +2 war axe (holy)
rCold   . . .        (no shield)
rNeg    . . .        b - +0 robe
rPois   .            c - +0 hat
rElec   .            (no cloak)
rCorr   +            (no gloves)
SInv    .            x - +0 pair of boots
Will    .....        (no amulet)
Stlth   ++           w - ring of resist corrosion
HPRegen 0.26/turn    v - +6 ring of strength
MPRegen 0.17/turn

%: no passive effects
@: no status effects
A: antennae 1
a: no special abilities


You were on level 5 of the Dungeon.
You visited 2 branches of the dungeon, and saw 6 of its levels.

You collected 294 gold pieces.
You spent 50 gold pieces at shops.

Inventory:

Hand Weapons
 r - a +2 war axe of holy wrath (weapon)
Missiles
 n - 2 throwing nets
Armour
 b - a +0 robe (worn)
 c - a +0 hat (worn)
 l - the +2 scale mail of Feenen {+Blink rElec rCorr Int+5}
   (You took it off a kobold on level 2 of the Dungeon)

   Int+5:     It affects your intelligence (+5).
   rElec:     It insulates you from electricity.
   +Blink:    It lets you blink.
   rCorr:     It protects you from acid and corrosion.
 x - a +0 pair of boots (worn)
Jewellery
 v - a +6 ring of strength (right hand)
 w - a ring of resist corrosion (left hand)
Wands
 a - a wand of polymorph (3)
Scrolls
 e - 2 scrolls of fog {unknown}
 f - 4 scrolls of identify
 g - 2 scrolls of teleportation {unknown}
 i - 2 scrolls of blinking {unknown}
 j - a scroll of brand weapon {unknown}
 o - a scroll of enchant weapon {unknown}
 t - a scroll of fear {unknown}
 u - a scroll of acquirement {unknown}
Potions
 d - a potion of magic
 h - 2 potions of curing
 k - a potion of attraction {unknown}
 m - a potion of lignification {unknown}
 p - a potion of brilliance {unknown}
 q - 3 potions of haste {unknown}
 s - 2 potions of heal wounds {unknown}


   Skills:
 - Level 2.2 Fighting
 + Level 1.0 Armour
 - Level 3.0 Dodging
 - Level 3.0 Stealth
 * Level 8.3 Spellcasting
 + Level 4.0 Conjurations
 - Level 1.1 Summonings
 - Level 1.1 Translocations
 - Level 1.1 Air Magic
 - Level 1.1 Poison Magic
 - Level 1.1 Evocations


You had 14 spell levels left.
You knew the following spells:

 Your Spells              Type           Power      Damage    Failure   Level
a - Magic Dart            Conj           100%       1d8       1%          1
b - Mephitic Cloud        Conj/Pois/Air  17%        N/A       10%         3
c - Call Imp              Summ           26%        N/A       8%          2
d - Blink                 Tloc           26%        N/A       8%          2

Your spell library contained the following spells:

 Spells                   Type           Power      Damage    Failure   Level
 Slow                     Hex            32%        N/A       8%          1
 Cigotuvi's Dreadful Rot  Necr/Pois/Air  22%        N/A       9%          2
 Dazzling Flash           Conj/Hex       34%        N/A       10%         3
 Silence                  Hex/Air        5%         N/A       86%         5
 Agony                    Necr           8%         N/A       91%         5


Dungeon Overview and Level Annotations

Branches:
Dungeon (5/15)             Temple (1/1) D:5

Altars:
Ashenzari
Cheibriados
Dithmenos
Hepliaklqana
Nemelex Xobeh
Okawaru
Qazlal
Sif Muna
Trog
Wu Jian
Yredelemnul
Zin

Shops:
D:4 *

Annotations:
D:5 Grinder


Innate Abilities, Weirdness & Mutations

You have a pair of small antennae on your head.


Message History

The iguana bites you!
* * * LOW HITPOINT WARNING * * *
The yak closely misses you.
There is a staircase to the Ecumenical Temple, spattered with blood here.
Unknown command.
Casting: Mephitic Cloud (dangerous; 10% risk of failure)
Confirm with . or Enter, or press ? or * to list all spells.
You blink.
Unknown command.
Casting: Blink (safe; 8% risk of failure)
Confirm with . or Enter, or press ? or * to list all spells.
Aiming: Mephitic Cloud (dangerous; 10% risk of failure)
Press: ? - help, Shift-Dir - straight line, f - yak
Aim: a yak (chance to affect: 67%)
The ball explodes into a vile cloud!
The stinking cloud engulfs the yak but does no damage. x2
The stinking cloud engulfs the ogre but does no damage.
You hear a bark!
You hear a shout!
You hear an angry hiss.
The yak is engulfed in noxious fumes.
The yak appears confused.
The yak is engulfed in noxious fumes.
The yak appears confused.
Unknown command.
The iguana is engulfed in noxious fumes.
The iguana appears confused.
The ogre closely misses you.
You feel stable enough to blink again.
The yak gores the ogre.
The iguana bites the yak.
Casting: Mephitic Cloud (dangerous; 10% risk of failure)
Confirm with . or Enter, or press ? or * to list all spells.
Aiming: Mephitic Cloud (dangerous; 10% risk of failure)
Press: ? - help, Shift-Dir - straight line, f - yak, p - yak
Aim: a yak (chance to affect: 67%)
The ball explodes into a vile cloud!
The stinking cloud engulfs the yak but does no damage.
You hear a shout!
An ogre opens the door.
The yak is engulfed in noxious fumes.
An adder comes into view.
The adder hisses angrily.
Unknown command.
The yak seems less confused.
The yak is engulfed in noxious fumes.
The yak appears confused.
The yak gores you!
You die...

#... #####
###...##..<##
#.(....#....#
#.....O#....#
#......'....#
#...>..#...## ####
#......#.☼@##.....
#>..$..○○Y........
#..##..°##Y##.....
##..##.5.##O# ....
..........Y.## ...
.......l...h.# ..
.......$....+.. .
#...##...##.##...
###.##...##.#
.w...


You could see Grinder, 3 yaks, 2 ogres, an iguana (confused) and a hound.

Vanquished Creatures
  2 yaks (Temple)
  A scorpion (Temple)
  A howler monkey (D:4)
  2 hounds (Temple)
  A jelly (D:4)
  An orc priest (D:4)
  An orc wizard (D:4)
  6 adders
  A worm (D:3)
  A dart slug (D:1)
  4 orcs
  A bat (D:3)
  10 endoplasms
  4 giant cockroaches
  8 goblins
  6 hobgoblins
  11 jackals
  10 kobolds
  3 quokkas
  9 ball pythons
  4 rats
87 creatures vanquished.

Notes
Turn   | Place    | Note
-------+----------+-------------------------------------------
     0 | D:1      | pokeman the Deep Elf Hedge Wizard began the quest for the
                  | Orb.
     0 | D:1      | Reached XP level 1. HP: 10/10 MP: 7/7
   333 | D:1      | Reached XP level 2. HP: 15/16 MP: 0/9
   910 | D:1      | Reached skill level 5 in Spellcasting
  1150 | D:1      | Reached XP level 3. HP: 20/20 MP: 8/11
  1154 | D:1      | Learned a level 3 spell: Mephitic Cloud
  1157 | D:1      | Learned a level 2 spell: Call Imp
  1160 | D:1      | Learned a level 2 spell: Blink
  1422 | D:2      | Gained mutation: You have a pair of small antennae on your
                  | head. [potion of mutation]
  1651 | D:2      | Reached skill level 1 in Fighting
  1651 | D:2      | Reached skill level 1 in Armour
  1758 | D:2      | Identified the +2 scale mail of Feenen {+Blink rElec rCorr
                  | Int+5}
  1995 | D:2      | Reached XP level 4. HP: 25/25 MP: 4/13
  2769 | D:3      | Found a broken altar of Ashenzari.
  3115 | D:4      | Found Zifo's General Store.
  3121 | D:4      | Reached skill level 6 in Spellcasting
  3121 | D:4      | Reached XP level 5. HP: 13/29 MP: 10/15
  3190 | D:4      | Bought a scroll of identify for 20 gold pieces
  3190 | D:4      | Bought a potion of curing for 30 gold pieces
  3529 | D:4      | Reached skill level 1 in Evocations
  3905 | D:4      | Reached skill level 1 in Air Magic
  3905 | D:4      | Reached skill level 1 in Poison Magic
  3905 | D:4      | Reached XP level 6. HP: 14/34 MP: 3/17
  4469 | D:5      | Entered Level 5 of the Dungeon
  4473 | D:5      | Noticed a yak
  4591 | D:5      | Found a staircase to the Ecumenical Temple.
  4595 | D:5      | Noticed Grinder
  4598 | D:5      | Noticed a yak
  4598 | D:5      | Noticed a yak
  4601 | Temple   | Entered the Ecumenical Temple
  4649 | D:5      | Noticed a yak
  4649 | D:5      | Paralysed by Grinder for 3 turns
  4650 | D:5      | Noticed a yak
  4664 | Temple   | Reached skill level 7 in Spellcasting
  4750 | Temple   | Killed a yak
  4751 | Temple   | Reached XP level 7. HP: 11/39 MP: 6/20
  4764 | Temple   | Killed a yak
  4765 | Temple   | Reached skill level 8 in Spellcasting
  4897 | D:5      | HP: 2/40 [iguana (8)]
  4904 | D:5      | Mangled by a yak

Illustrated notes

Levels and vault maps discovered:
D:1:      heliophobic_arrival_glass_houses, layout_basic, minmay_misc_feat_iff
D:2:      layout_basic, minmay_pentomino_z2
D:3:      layout_basic, mainiacjoe_overflow_alcove_2, minmay_pentomino_pile
D:4:      layout_loops_cross, serial_shops, nicolae_stop_n_shop_2,
          serial_aquarium, aquarium_bridge_square [aquarium_subvault_wall,
          aquarium_subvault_wall, aquarium_subvault_bridge,
          aquarium_subvault_wall], aquarium_bridge_long_separate
          [aquarium_subvault_wall, aquarium_subvault_bridge,
          aquarium_subvault_window, aquarium_subvault_window,
          aquarium_subvault_wall, aquarium_subvault_bridge],
          aquarium_window_corridor_1, aquarium_window_1, aquarium_window_corner,
          aquarium_window_1, aquarium_view_2d, aquarium_view_2e,
          aquarium_pool_four, kennysheep_cross_room, minmay_misc_feat_rows
D:5:      layout_gridville, minmay_temple_entry_stoned_glass,
          nicolae_ea-nasir_strikes_again, uniq_grinder
Temple:   chequers_temple_sunken

Skill      XL: |  1  2  3  4  5  6  7 |
---------------+----------------------+-----
Spellcasting   | 5 6 7 8 |  8.3
Fighting       | 1 2 |  2.2
Armour         | 1 |  1.0
Conjurations   | 2 3 4 |  4.0
Stealth        | 3 |  3.0
Dodging        | 3 |  3.0
Evocations     | 1 |  1.1
Air Magic      | 1 |  1.1
Poison Magic   | 1 |  1.1
Summonings     | |  1.1
Translocations | |  1.1

Action                     |  1- 3 |  4- 6 |  7- 9 || total
---------------------------+-------+-------+-------++-------
  Melee: Dagger            |    15 |    10 |       ||    25
         War axe           |       |    35 |     3 ||    38
         Punch             |       |     2 |       ||     2
   Cast: Magic Dart        |   114 |    92 |       ||   206
         Mephitic Cloud    |       |     8 |     5 ||    13
         Blink             |       |     3 |     1 ||     4
    Use: Potion            |     3 |       |       ||     3
   Stab: Sleeping          |       |     2 |       ||     2
         Confused          |       |     3 |       ||     3
 Armour: Robe              |    21 |    41 |     5 ||    67
  Dodge: Dodged            |    25 |    45 |    10 ||    80

Table legend: (Time is in decaauts)
 A = Elapsed time spent in this place.
 B = Non-inter-level travel time spent in this place.
 C = Inter-level travel time spent in this place.
 D = Time resting spent in this place.
 E = Time spent auto-exploring this place.
 F = Levels seen in this place.
 G = Mean time per level.
                   A        B        C        D        E       F      G
               +--------+--------+--------+--------+--------+-----+--------+
         Total |   4928 |   4782 |    146 |    261 |   3927 |   6 |  821.3 |
       Dungeon |   4624 |   4478 |    146 |     65 |   3906 |   5 |  924.8 |
        Temple |    304 |    304 |      0 |    196 |     21 |   1 |  304.0 |
               +--------+--------+--------+--------+--------+-----+--------+

Top non-repeatable levels by time:
     D:4: 1471 daAuts
     D:1: 1315 daAuts
     D:3: 940 daAuts
     D:2: 857 daAuts
  Temple: 304 daAuts
     D:5: 39 daAuts
